 Dungeon Crawl Stone Soup version 0.26-a0-835-g8259106e14 (webtiles) character file.

Game seed: 10254519316479479306

56 jestyr24 the Skirmisher (level 3, -4/33 HPs)
             Began as a Minotaur Fighter on Nov 18, 2020.
             Slain by a gnoll
             ... wielding a +0 halberd
              (11 damage)
             ... on level 2 of the Dungeon.
             The game lasted 00:05:55 (1108 turns).

jestyr24 the Skirmisher (Minotaur Fighter)          Turns: 1108, Time: 00:05:56

Health: -4/33      AC:  7    Str: 21    XL:     3   Next: 69%
Magic:  2/2        EV:  7    Int:  5    God:
Gold:   70         SH:  9    Dex:  9    Spells: 2/2 levels left

rFire    . . .     SeeInvis .   a - +0 long sword
rCold    . . .     Faith    .   c - +0 kite shield
rNeg     . . .     Spirit   .   b - +0 scale mail
rPois    .         Reflect  .   (helmet restricted)
rElec    .         Harm     .   (no cloak)
rCorr    .         Rampage  .   (no gloves)
MR       .....                  (no boots)
Stlth    ..........             (no amulet)
HPRegen  0.11/turn              (no ring)
MPRegen  0.08/turn              (no ring)

@: no status effects
A: retaliatory headbutt, horns 2
a: no special abilities


You were on level 2 of the Dungeon.
You visited 1 branch of the dungeon, and saw 2 of its levels.

You collected 70 gold pieces.

Inventory:

Hand Weapons
 a - a +0 long sword (weapon)
 h - a +0 dagger
Missiles
 l - 18 bolts
 o - 26 stones (quivered)
 p - 10 poisoned darts
Armour
 b - a +0 scale mail (worn)
 c - a +0 kite shield (worn)
 g - a +0 pair of gloves
Scrolls
 e - 2 scrolls of immolation
 f - a scroll of remove curse
 j - a scroll of blinking {unknown}
 k - 2 scrolls of identify
Potions
 d - a potion of might
 i - 2 potions of haste {unknown}
 m - a potion of brilliance {unknown}
 n - a potion of heal wounds {unknown}
 q - a potion of curing {unknown}
 r - a potion of berserk rage {unknown}
 t - a potion of lignification {unknown}
 u - a potion of cancellation {unknown}


   Skills:
 + Level 4.1 Fighting
 + Level 3.3 Long Blades
 + Level 4.1 Armour
 + Level 0.4 Dodging
 + Level 0.1 Stealth
 + Level 4.1 Shields


You had 2 spell levels left.
You didn't know any spells.
Your spell library was empty.

Dungeon Overview and Level Annotations

Branches:
Dungeon (2/15)

Altars:
Ru
Wu Jian
Xom


Innate Abilities, Weirdness & Mutations

You reflexively headbutt those who attack you in melee.
You have a pair of horns on your head.


Message History

You block the kobold's attack. The gnoll hits you with a +0 halberd!
The gnoll hits you from afar with a +0 halberd.
You slash the gnoll!
The gnoll is severely wounded.
The ooze hits you but does no damage. You block the gnoll's attack.
The kobold hits you with a +0 whip. The gnoll hits you but does no damage.
You block the gnoll's attack. You block the ooze's attack.
You slash the gnoll!
You kill the gnoll!
The gnoll hits you from afar with a +0 halberd.
The kobold hits you but does no damage. The ooze hits you but does no damage.
You block the gnoll's attack.
You closely miss the kobold. Your headbutt misses the kobold.
You block the kobold's attack. You block the gnoll's attack. The ooze hits you.
The gnoll hits you from afar with a +0 halberd!
* * * LOW HITPOINT WARNING * * *
The kobold hits you but does no damage.
You closely miss the kobold.
The gnoll hits you from afar with a +0 halberd!
You die...

##..#.####.#..............####...
#................##.......# #..#
...#...###.###.#..........# #..#
.......# #.# #...#........# ##.#
.......###+###............# #.#
.........+_###............# #.#
.......### ##............# ##..
.......# #............# #..#
.......# #.K@).....>..# ##.##
................J...##..#####..#
.....#........g.g...##..####..##
..........................§..##
...............####...<...§..#
............<.. #.....§§§..#
............... ........§...#
...........#### ##...>........#
.....>..... #............#


You could see 2 gnolls, an ooze and a kobold.

Vanquished Creatures
  A gnoll (D:2)
  2 dart slugs (D:1)
  2 leopard geckos (D:1)
  7 bats
  5 giant cockroaches
  2 goblins
  5 hobgoblins
  A ball python (D:1)
  6 frilled lizards
  3 kobolds
  6 rats
40 creatures vanquished.

Notes
Turn   | Place    | Note
-------+----------+-------------------------------------------
     0 | D:1      | jestyr24 the Minotaur Fighter began the quest for the Orb.
     0 | D:1      | Reached XP level 1. HP: 19/19 MP: 0/0
   144 | D:1      | Reached XP level 2. HP: 27/27 MP: 1/1
   459 | D:1      | Reached XP level 3. HP: 33/33 MP: 2/2
   830 | D:2      | Found a shimmering altar of Xom.
   962 | D:2      | Found a sacrificial altar of Ru.
  1103 | D:2      | Found an ornate altar of the Wu Jian Council.
  1108 | D:2      | Slain by a gnoll

Illustrated notes

Levels and vault maps discovered:
D:1:      ebering_hopf_link, layout_basic
D:2:      layout_rooms, overflow_temple_1_default, lemuel_doored_altar,
          nicolae_ru_the_path_less_chosen

Skill      XL: |  1  2  3 |
---------------+----------+-----
Long Blades    | 3 |  3.3
Fighting       | 4 |  4.1
Armour         | 4 |  4.1
Shields        | 4 |  4.1
Dodging        | |  0.4
Stealth        | |  0.1

Action                   || total
-------------------------++-------
Melee: Long sword        ||    92
       Headbutt          ||     9
  Use: Scroll            ||     5
Armor: Scale mail        ||    45
Dodge: Dodged            ||    27
Block: Kite shield       ||    70
       Rpst.: Long sword ||     8

Table legend: (Time is in decaauts)
 A = Elapsed time spent in this place.
 B = Non-inter-level travel time spent in this place.
 C = Inter-level travel time spent in this place.
 D = Time resting spent in this place.
 E = Time spent auto-exploring this place.
 F = Levels seen in this place.
 G = Mean time per level.
                   A        B        C        D        E       F      G
               +--------+--------+--------+--------+--------+-----+--------+
         Total |   1138 |   1106 |     32 |      4 |    664 |   2 |  569.0 |
       Dungeon |   1138 |   1106 |     32 |      4 |    664 |   2 |  569.0 |
               +--------+--------+--------+--------+--------+-----+--------+

Top non-repeatable levels by time:
     D:1: 834 daAuts
     D:2: 303 daAuts
